[Event "Live Chess"]
[Site "Chess.com"]
[Date "2024.06.02"]
[Round "-"]
[White "MaksymYurii"]
[Black "GrahamCuthbert"]
[Result "0-1"]
[WhiteElo "946"]
[BlackElo "1037"]
[TimeControl "300"]
[EndTime "17:10:08 PDT"]
[Termination "GrahamCuthbert won by checkmate"]

1. e4 c6 2. Nf3 d5 3. e5 Bg4 4. d4 c5 5. c3 e6 6. Be2 Nc6 7.
h3 Bxf3 8. Bxf3 Qb6 9. Be3 Nge7 10. b3 Nf5 11. dxc5 Bxc5 12. Bxc5 Qxc5 13. O-O Nxe5 14.
Be2 Ng3 15. b4 Qb6 16. Qa4+ Nc6 17. Re1 Nxe2+ 18. Rxe2 O-O 19. Na3 Rfc8 20. Re3 Ne7 21. Rae1 Nf5 22. Rf3 g6 23. g4 Nd6 24. Rf6 Ne4 25.
Rf4 Rxc3 26. Nb1 Rg3+ 27. Kh2 Rd3 28. f3 Qf2+ 29. Kh1 Qxe1+ 30. Kh2 Qf2+ 31. Kh1 Ng3# 0-1

[Event "Live Chess"]
[Site "Chess.com"]
[Date "2024.06.02"]
[Round "-"]
[White "Sir_Sigmund"]
[Black "mychess51"]
[Result "1-0"]
[WhiteElo "1871"]
[BlackElo "1763"]
[TimeControl "300"]
[EndTime "17:10:14 PDT"]
[Termination "Sir_Sigmund won on time"]

1. e4 e6 2. Nf3 d5 3. e5 c5 4. b4 cxb4 5. a3 Nc6 6. axb4 Bxb4 7. c3 Be7 8. d4 Bd7 9. Bd3 a6 10. O-O Na7 11. Qc2 h6 12. Ba3 Bxa3 13. Nxa3 Ne7 14. Rfb1 b5 15. Qd2 Nac6 16. Nc2 Na5 17. Ne3 Nec6 18. h4 Qc7 19. g4 Qc8 20. Kg2 Qc7 21. g5 Nc4 22. Nxc4 dxc4 23. Be4 Ra7 24.
Rd1 Ne7 25. Qf4 Bc6 26. gxh6 Rxh6 27. Ng5 Bxe4+ 28. Nxe4 Nd5 29. Qf3 Rg6+ 30. Kh3 Qe7 31. Nd6+ Kf8 32. Rg1 Rh6 33. Qg4 g6 34. Nc8 Qc7 35.
Nxa7 Qxa7 36. f4 Nxc3 37. Rg3 Nd5 38. Qg5 Rh5 39. Qg4 Qxd4 40. Rf3 Qxa1 41. Qg3 Qd4 42. Qg4 Qd1 43. Qg2 Ke7 44. Rf2 Qd3+ 45. Rf3 Qe4 46. Qg3 Ne3 47. Rxe3 Qf5+ 48. Qg4 Qc2 49. Qf3 1-0

[Event "Live Chess"]
[Site "Chess.com"]
[Date "2024.06.02"]
[Round "-"]
[White "Queensandpawns"]
[Black "AlexanderMatlak"]
[Result "0-1"]
[WhiteElo "2302"]
[BlackElo "2409"]
[TimeControl "300"]
[EndTime "17:10:19 PDT"]
[Termination "AlexanderMatlak won by resignation"]

1. e4 c5 2. Nf3 d6 3. c3 Nf6 4.
h3 g6 5. Bd3 Bg7 6. Bc2 O-O 7. O-O Nc6 8. d4 Nd7 9. d5 Nce5 10.
Nbd2 Nxf3+ 11. Nxf3 b5 12. Bf4 b4 13. Qd2 a6 14. c4 Bxb2 15. Bh6 Bg7 16. Rae1 Ne5 17. Nxe5 dxe5 18. Bxg7 Kxg7 19. f4 Qd6 20. f5 f6 21.
Re3 a5 22. Rg3 Bd7 23. h4 a4 24. fxg6 hxg6 25. h5 g5 26. Bd1 b3 27. axb3 a3 28.
Bg4 Bxg4 29. Rxg4 Kh6 30. Rf5 Rg8 31. Qa2 Qb6 32. Rf2 Qb4 33. Rg3 Qe1+ 34. Kh2 Qxf2 35. Qxf2 a2 36. Rxg5 Rxg5 37. Qxa2 Rxa2 0-1

[Event "Live Chess"]
[Site "Chess.com"]
[Date "2024.06.02"]
[Round "-"]
[White "NAZRIZ1977"]
[Black "wadsy27"]
[Result "0-1"]
[WhiteElo "2146"]
[BlackElo "2582"]
[TimeControl "300"]
[EndTime "17:10:24 PDT"]
[Termination "wadsy27 won by resignation"]

1. c4 e6 2. g3 d5 3. Bg2 Nf6 4.
Nf3 Be7 5. O-O O-O 6. b3 d4 7. Bb2 c5 8. b4 a5 9. b5 Nbd7 10. d3 Bd6 11. a4 Nb6 12. e3 e5 13. e4 h6 14. Bc1 g5 15. Nxg5 hxg5 16. Bxg5 Be7 17.
f4 Nh7 18. Bxe7 Qxe7 19. fxe5 Nd7 20. e6 Qxe6 21. e5 Nxe5 22. Bd5 Qh6 23. Ra2 Bg4 24. Qe1 Qe3+ 0-1

[Event "Live Chess"]
[Site "Chess.com"]
[Date "2024.06.02"]
[Round "-"]
[White "StoreySniper"]
[Black "TheSmoulderingMaster"]
[Result "1-0"]
[WhiteElo "2530"]
[BlackElo "1765"]
[TimeControl "300"]
[EndTime "17:10:35 PDT"]
[Termination "StoreySniper won by resignation"]

1. e4 c5 2. Nc3 e6 3. f4 Nc6 4. Nf3 Nf6 5. e5 Ng8 6. d4 cxd4 7. Nxd4 Nge7 8. Ndb5 d5 9. Nd6+ Kd7 10. Nxf7 Qe8 11. Nxh8 1-0

[Event "Live Chess"]
[Site "Chess.com"]
[Date "2024.06.02"]
[Round "-"]
[White "stevochess11"]
[Black "educatedlad"]
[Result "0-1"]
[WhiteElo "1685"]
[BlackElo "1748"]
[TimeControl "300"]
[EndTime "17:10:38 PDT"]
[Termination "educatedlad won by checkmate"]

1. d4 Nf6 2. Nf3 g6 3. Nc3 Bg7 4. e4 d6 5. Be3 Ng4 6. Bg5 h6 7. Bh4 g5 8. Bg3 Nf6 9. h3 O-O 10. Bd3 Nh5 11. Bh2 c5 12. Nxg5 hxg5 13. Qxh5 cxd4 14. e5 f5 15. exf6 Rxf6 16. Qh7+ Kf8 17.
Ne4 Re6 18. O-O-O Qa5 19. Nxg5 Rh6 20. Qe4 Qxg5+ 21. Kb1 Re6 22. Qf3+ Rf6 23. Qe4 Bf5 24. Qxb7 Bxd3 25. Rxd3 Rxf2 26. Rf3+ Rxf3 27. Qxf3+ Qf6 28. Qxa8 d3 29. Qxb8+ Kf7 30. Qb3+ Kg6 31. Qxd3+ Kh6 32. Bg1 Qxb2# 0-1

[Event "Live Chess"]
[Site "Chess.com"]
[Date "2024.06.02"]
[Round "-"]
[White "NAZRIZ1977"]
[Black "Queensandpawns"]
[Result "0-1"]
[WhiteElo "2141"]
[BlackElo "2307"]
[TimeControl "300"]
[EndTime "17:11:31 PDT"]
[Termination "Queensandpawns won by resignation"]

1. d4 e5 2. e4 exd4 3. c3 Nc6 4.
Nf3 d5 5. exd5 Qxd5 6. Nxd4 Nxd4 7. Qxd4 Qxd4 8. cxd4 Bf5 9. Nc3 O-O-O 10. Be3 Nf6 11. O-O-O Bd6 12. f3 Rhe8 13. Bf2 Bf4+ 0-1

[Event "Live Chess"]
[Site "Chess.com"]
[Date "2024.06.02"]
[Round "-"]
[White "Silverback7829"]
[Black "ACM42"]
[Result "0-1"]
[WhiteElo "901"]
[BlackElo "2148"]
[TimeControl "300"]
[EndTime "17:12:06 PDT"]
[Termination "ACM42 won by checkmate"]

1. d4 Nf6 2. Nf3 g6 3. Nc3 Bg7 4. Bf4 O-O 5. e3 d6 6. Bc4 b6 7. O-O Bb7 8. Qd3 Nbd7 9. Ng5 d5 10. Bb5 c5 11. Bxd7 Qxd7 12. dxc5 bxc5 13. Nb5 c4 14.
Qd4 Qxb5 15. b3 Ne4 16. Qd1 e5 17. Bg3 Nxg5 18. Rb1 c3 19. a4 Qc6 20. f4 d4 21.
fxg5 Qxg2# 0-1

[Event "Live Chess"]
[Site "Chess.com"]
[Date "2024.06.02"]
[Round "-"]
[White "Tushinskiy"]
[Black "CheckThis4"]
[Result "0-1"]
[WhiteElo "2244"]
[BlackElo "2697"]
[TimeControl "300"]
[EndTime "17:12:15 PDT"]
[Termination "CheckThis4 won by resignation"]

1. d4 Nf6 2. c3 c5 3. Nf3 g6 4. Bf4 Bg7 5. e3 b6 6. Bd3 Bb7 7. Nbd2 O-O 8. Ke2 d6 9. Bg3 Nbd7 10. Re1 Nh5 11. Kf1 Nxg3+ 12. hxg3 e5 13. dxe5 dxe5 14. Ne4 Qe7 15. Bc2 f5 16. Qd6 Rae8 17. Qxe7 Rxe7 18. Nd6 Ba6+ 19. Kg1 e4 20. Ng5 Bf6 21. Nh3 Kg7 22.
Rad1 Ne5 23. Nf4 Rd7 24. Ne6+ Kg8 25. Nxf8 Kxf8 26. Ba4 Re7 27. Rd2 Nd3 28. Bb5 Bxb5 29. Nxb5 Nxe1 30. Rd8+ Kg7 31. Ra8 Nd3 32. Nxa7 Nxb2 33.
Nc8 Rd7 34. Nxb6 Rd1+ 35. Kh2 Nd3 36. Ra7+ Kh6 37. Rd7 Nxf2 38. Rxd1 Nxd1 39. a4 Bxc3 40. Nc4 Kg5 41. a5 Bxa5 42. Nxa5 Nxe3 43. Kg1 h5 44. Kf2 Ng4+ 45. Ke2 h4 46. gxh4+ Kxh4 47. Nb3 c4 48. Nd4 Kg3 49. Ne6 c3 50. Kd1 Kxg2 51. Nf4+ Kf2 52. Nxg6 e3 53. Nf4 e2+ 54. Nxe2 Ne3+ 55.
Kc1 Kxe2 0-1

[Event "Live Chess"]
[Site "Chess.com"]
[Date "2024.06.02"]
[Round "-"]
[White "ShanthamGrarks"]
[Black "dmitro74"]
[Result "1-0"]
[WhiteElo "1854"]
[BlackElo "1716"]
[TimeControl "300"]
[EndTime "17:12:25 PDT"]
[Termination "ShanthamGrarks won by resignation"]

1. d4 d5 2. Nc3 Nf6 3. Bf4 c6 4. e3 e6 5. Bd3 Bd6 6. Nf3 Bxf4 7.
exf4 b5 8. Ne5 Bb7 9. g4 Nbd7 10. Qf3 Nxe5 11. fxe5 Nd7 12. h4 Qe7 13. O-O-O O-O-O 14. Bxb5 cxb5 15. Nxb5 Kb8 16. Nd6 Rhf8 17. Rd3 Nb6 18. Rb3 Rxd6 19. exd6 Qxd6 20. Rd1 Ka8 21. Kb1 Ba6 22.
Ra3 Bb5 23. Ra5 Qb4 24. Qa3 Qxa3 25. Rxa3 Nc4 26. Rf3 f6 27. g5 Nd6 28. gxf6 gxf6 29. Rg1 Nf5 30. Rf4 e5 31. dxe5 fxe5 32. Rb4 a6 33. Rg5 Ka7 34. Rb3 Bc4 35. Rf3 Re8 36. Rfxf5 e4 37. Re5 Rf8 38. Rgf5 Rxf5 39. Rxf5 d4 40.
b3 Be6 41. Re5 Bf7 42. Re7+ Kb6 43. Rxf7 e3 44. fxe3 dxe3 45. Rxh7 Kc5 46. Re7 Kd4 47. h5 1-0

[Event "Live Chess"]
[Site "Chess.com"]
[Date "2024.06.02"]
[Round "-"]
[White "LanceMaster23"]
[Black "alicechristina"]
[Result "0-1"]
[WhiteElo "1827"]
[BlackElo "1934"]
[TimeControl "300"]
[EndTime "17:12:39 PDT"]
[Termination "alicechristina won by resignation"]

1. Nf3 d5 2. d4 e6 3. Bf4 c5 4. c3 Nf6 5. e3 Nc6 6. Nbd2 Qb6 7. Qb3 Bd7 8. Be2 c4 9. Qc2 Be7 10. O-O O-O 11. Rfe1 Qd8 12. e4 dxe4 13. Nxe4 Nxe4 14.
Qxe4 b5 15. a4 a6 16. axb5 axb5 17. h3 Na5 18. Ne5 Bf6 19. Nxd7 Qxd7 20. Ra2 Nc6 21. Rea1 Rxa2 22. Rxa2 Ne7 23. Ra8 Nd5 24. Rxf8+ Kxf8 25. Qxh7 Nxf4 26. Bf3 Ng6 27. Qh5 e5 28. Bg4 Qd5 29. dxe5 Qxe5 30. Qxe5 Nxe5 31. Bc8 Nd3 32. Ba6 Nxb2 33.
Bxb5 Bxc3 34. Kf1 Ba5 35. Ke2 c3 0-1

[Event "Live Chess"]
[Site "Chess.com"]
[Date "2024.06.02"]
[Round "-"]
[White "Queensandpawns"]
[Black "CarmelJane"]
[Result "1-0"]
[WhiteElo "2310"]
[BlackElo "2064"]
[TimeControl "300"]
[EndTime "17:13:12 PDT"]
[Termination "Queensandpawns won by resignation"]

1. e4 c5 2. d4 cxd4 3. c3 e6 4.
Nf3 Nf6 5. Bc4 Nxe4 6. O-O d5 7. Bb3 dxc3 8. Re1 Be7 9. Nxc3 Nxc3 10. bxc3 O-O 11. Bc2 Nc6 12. h4 Bf6 13. h5 h6 14.
Qd3 Re8 15. Qh7+ Kf8 16. Ba3+ 1-0

[Event "Live Chess"]
[Site "Chess.com"]
[Date "2024.06.02"]
[Round "-"]
[White "KeithArkell"]
[Black "NeilDruggan73"]
[Result "1-0"]
[WhiteElo "2424"]
[BlackElo "1755"]
[TimeControl "300"]
[EndTime "17:14:01 PDT"]
[Termination "KeithArkell won by resignation"]

1. d4 Nf6 2. Nf3 g6 3. c4 Bg7 4. g3 O-O 5. Bg2 d6 6. Nc3 Nc6 7. O-O e5 8. dxe5 Nxe5 9. b3 Nxf3+ 10. Bxf3 Rb8 11. Bb2 Bg4 12. Bxg4 Nxg4 13. Qd2 Bh6 14. e3 Qg5 15. h3 Ne5 16. Kg2 Qf5 17. f4 Nd3 18. e4 Nxf4+ 19. gxf4 Qh5 20. Nd5 f5 21. Nf6+ Rxf6 22. Bxf6 Re8 23. Qd5+ Kf8 24. Rae1 Rxe4 25. Rxe4 fxe4 26. Qxh5 gxh5 27. Re1 Kf7 28. Bg5 Bxg5 29. fxg5 Kg6 30. Rxe4 1-0

[Event "Live Chess"]
[Site "Chess.com"]
[Date "2024.06.02"]
[Round "-"]
[White "stevochess11"]
[Black "NAZRIZ1977"]
[Result "0-1"]
[WhiteElo "1684"]
[BlackElo "2142"]
[TimeControl "300"]
[EndTime "17:14:03 PDT"]
[Termination "NAZRIZ1977 won by resignation"]

1. d4 Nf6 2. Nf3 g6 3. Nc3 d5 4. Bf4 Bg7 5. e3 O-O 6. Be2 c5 7. Ne5 Nc6 8. O-O Nd7 9. Nxc6 bxc6 10. Qd2 e5 11. dxe5 Nxe5 12. Na4 c4 13. e4 dxe4 14. Bxc4 Qxd2 15. Bxd2 Nxc4 16. Bf4 Bf5 17. Nc5 Nxb2 18. Rab1 a5 19. h3 h5 20. Bd6 Rfd8 21. Bc7 Rd2 22. Nd7 Bxd7 0-1

[Event "Live Chess"]
[Site "Chess.com"]
[Date "2024.06.02"]
[Round "-"]
[White "RichardABates"]
[Black "Dhaydon19"]
[Result "0-1"]
[WhiteElo "2320"]
[BlackElo "2680"]
[TimeControl "300"]
[EndTime "17:14:28 PDT"]
[Termination "Dhaydon19 won by checkmate"]

1. d4 d5 2. c4 e6 3. Nf3 Nf6 4.
g3 Be7 5. Bg2 O-O 6. O-O c6 7.
Qc2 Nbd7 8. Nbd2 b6 9. Rd1 Ba6 10. b3 Rc8 11. Bb2 c5 12. e4 cxd4 13. exd5 Nxd5 14.
Nxd4 b5 15. Nf5 Bf6 16. Bxf6 Qxf6 17. Nd6 Rc6 18. N2e4 Qe7 19. Qe2 bxc4 20. bxc4 Rxd6 21. Nxd6 Nc3 22. Qe3 Nxd1 23. Rxd1 Nf6 24. c5 Qc7 25. c6 Rd8 26. Qc5 Ne8 27. Qa3 Bc8 28.
Nxe8 Rxd1+ 29. Bf1 Qxc6 30. Qa6 Bxa6 31. Nd6 Rxf1# 0-1

[Event "Live Chess"]
[Site "Chess.com"]
[Date "2024.06.02"]
[Round "-"]
[White "toog"]
[Black "WelshTiger"]
[Result "0-1"]
[WhiteElo "2585"]
[BlackElo "2470"]
[TimeControl "300"]
[EndTime "17:14:40 PDT"]
[Termination "WelshTiger won by checkmate"]

1. b3 a6 2. Bb2 Nc6 3. e4 e5 4.
Nf3 d6 5. Nc3 Nf6 6. d4 exd4 7.
Nxd4 Bd7 8. Be2 g6 9. O-O Bg7 10.
Nxc6 bxc6 11. Re1 O-O 12. Bf1 Re8 13. Qd3 a5 14. Rad1 Qb8 15. Na4 c5 16. Nc3 a4 17.
Qf3 axb3 18. axb3 Bc6 19. Nd5 Nxd5 20. Bxg7 Kxg7 21. exd5 Bd7 22. Qc3+ Kg8 23. Qf6 Qb4 24. Re7 Rxe7 25. Qxe7 Bf5 26. Qe2 Ra2 27. Rd2 Qc3 28. h3 Rxc2 29. Rxc2 Qxc2 30. Qe8+ Kg7 31. Bc4 Bd3 32. Qb5 Qc1+ 33. Kh2 Qf4+ 34. Kg1 Be4 35. Qd7 Qe5 36. Qxc7 Bxd5 37. Bxd5 Qxd5 38. Qb8 Qd4 39. Qb5 d5 40. Qe2 c4 41. bxc4 dxc4 42. Kh2 c3 43. f3 h5 44. Kh1 h4 45. Kh2 Qf4+ 46. Kh1 Qf5 47. Qc4 c2 48. Qc3+ Kh7 49. Kg1 g5 50. Qc4 Kg6 51. Qc6+ f6 52. Qc4 Kh6 53.
Qc3 Qg6 54. Qc6 Kg7 55. Qc7+ Kf8 56. Qc3 Qf5 57. Kh1 Ke7 58. Kg1 Kd6 59. Kh1 Kd5 60. Kg1 Qe5 61. Qxc2 Qd4+ 62. Kh1 Ke5 63. Qg6 Kf4 64.
Qb1 Kg3 65. Qb8+ Kf2 66. Kh2 f5 67. Qc7 f4 68. Qc2+ Ke3 69. Qc1+ Qd2 70. Qc5+ Ke2 71. Qxg5 Kf1 72. Qg4 Qf2 73. Qxf4 Qxg2# 0-1

[Event "Live Chess"]
[Site "Chess.com"]
[Date "2024.06.02"]
[Round "-"]
[White "Frankie_Badacsonyi"]
[Black "RockTroll"]
[Result "0-1"]
[WhiteElo "2408"]
[BlackElo "2210"]
[TimeControl "300"]
[EndTime "17:15:13 PDT"]
[Termination "RockTroll won on time"]

1. Nf3 Nf6 2. g3 g6 3. Bg2 Bg7 4. O-O O-O 5. b3 d6 6. Bb2 b5 7.
d4 Bb7 8. Nbd2 Nbd7 9. c4 bxc4 10. Nxc4 c5 11. e3 cxd4 12. Nxd4 Bxg2 13. Kxg2 Nc5 14.
Rc1 a5 15. Nf3 Qb8 16. Bd4 Rc8 17. Rb1 Qb7 18. Kg1 Ne6 19. Ba1 Ne4 20. Bxg7 Kxg7 21. Nd4 N6g5 22. h4 Nh3+ 23. Kh2 Nhxf2 24. Qf3 Nd3 25. Qxf7+ Kh8 26. Ne6 Rg8 27. Qf3 d5 28. Nb2 Ne5 29. Qf4 Nc6 30. Ng5 Nxg5 31. Qxg5 Qd7 32.
Nd3 Rgf8 33. Ne5 Nxe5 34. Qxe5+ Kg8 35. Rbd1 e6 36. e4 Rxf1 37. Rxf1 dxe4 38. Qxe4 Qd2+ 39.
Kh3 Re8 40. Qf3 Qd7 41. Rf2 e5+ 42. Kg2 e4 43. Qe3 Qd3 44. Re2 Qd5 45. Kh2 Qe5 46. Rd2 Qf5 47. Re2 Kg7 48. Rf2 Qe6 49. Qf4 e3 50.
Re2 h6 51. Kg2 Re7 52. Qf3 Qe5 53. Kg1 Qa1+ 54. Kg2 Qd4 55. Kg1 a4 56. Kg2 a3 57.
Kh2 h5 58. Kg2 Qg4 59. Re1 Qxf3+ 60. Kxf3 Rc7 61. Rxe3 Rc2 62. Re2 Rb2 63. Kf2 Kf6 64.
Kf3 Kf5 65. Kf2 g5 66. hxg5 Kxg5 67. Kf3 Kf5 68. Re3 Rxa2 69. b4 Rb2 0-1

[Event "Live Chess"]
[Site "Chess.com"]
[Date "2024.06.02"]
[Round "-"]
[White "TheSmoulderingMaster"]
[Black "Cruiseylee78"]
[Result "0-1"]
[WhiteElo "1756"]
[BlackElo "1711"]
[TimeControl "300"]
[EndTime "17:15:45 PDT"]
[Termination "Cruiseylee78 won by checkmate"]

1. e4 d6 2. d4 Nd7 3. Nc3 e5 4. Nf3 h6 5. Be3 c6 6. Bc4 Qc7 7. Bb3 Ngf6 8. O-O g5 9. h3 Be7 10. d5 Nf8 11. Qd2 Ng6 12. Rad1 Nf4 13. Bxf4 gxf4 14. Qd3 Rg8 15. Qc4 Bxh3 16. Nh4 Nxe4 17. dxc6 Bxh4 18. g3 fxg3 19. f3 Nxc3 20. cxb7 Rb8 21.
Qxc7 Ne2+ 22. Kh1 g2+ 23. Kh2 Bg3+ 24. Kxh3 Nf4# 0-1

[Event "Live Chess"]
[Site "Chess.com"]
[Date "2024.06.02"]
[Round "-"]
[White "grillage"]
[Black "Duke_of_Bebington"]
[Result "0-1"]
[WhiteElo "1846"]
[BlackElo "1635"]
[TimeControl "300"]
[EndTime "17:16:11 PDT"]
[Termination "Duke_of_Bebington won by resignation"]

1. d4 d5 2. Nf3 Nf6 3. c4 c6 4. Qc2 Bg4 5. Ne5 Bh5 6. Bf4 Nbd7 7. e3 Nxe5 8. Bxe5 Nd7 9. Bg3 Bg6 10. Qb3 Qb6 11.
c5 Qxb3 12. axb3 b6 13. b4 e6 14. Nc3 a5 15. cxb6 Nxb6 16. Rxa5 Bxb4 17. Rxa8+ Nxa8 18. Be2 O-O 19. O-O Nb6 20. Ra1 Ra8 21. Rxa8+ Nxa8 22. Na4 Kf8 23. Ba6 Ba5 24. Bb7 Nb6 25. Ba8 Nxa4 26. Bxc6 Nxb2 27. Bd6+ Kg8 28. Kf1 Bd3+ 29. Kg1 Bc4 30.
g3 Nd3 31. Kg2 Be1 32. f3 f6 33. e4 Kf7 34. Ba3 Bb4 35. Bxb4 Nxb4 36. Bb7 dxe4 37.
fxe4 Ke7 38. Kf3 Kd6 39. h4 Nc2 40. d5 exd5 41. Bc8 Nd4+ 42. Ke3 Ne6 43. exd5 Bxd5 44. Ba6 h6 45. Bd3 Ke5 46. Bh7 Nc5 47. Bg6 Be4 48. Be8 g5 49. hxg5 hxg5 50. Bh5 Ne6 51. Bd1 Nd4 52.
Ba4 Nf5+ 53. Kf2 Nh6 54. Bd7 f5 55. Bc8 f4 56. gxf4+ gxf4 57. Bd7 Bf5 58. Be8 Ng4+ 59. Kf3 Nf6 60. Bc6 Be4+ 61. Bxe4 Nxe4 62. Ke2 Kf5 63. Kf3 Ng5+ 64. Kf2 Kg4 65. Kg2 f3+ 66. Kf2 Nh3+ 67. Kf1 Kg3 68. Ke1 Kg2 0-1

[Event "Live Chess"]
[Site "Chess.com"]
[Date "2024.06.02"]
[Round "-"]
[White "booktrunk"]
[Black "MagnersCarlsberg2870"]
[Result "0-1"]
[WhiteElo "1474"]
[BlackElo "1774"]
[TimeControl "300"]
[EndTime "17:16:28 PDT"]
[Termination "MagnersCarlsberg2870 won by checkmate"]

1. d4 Nf6 2. Nc3 d5 3. Bf4 e6 4.
Nb5 Na6 5. e3 c6 6. Nc3 Bb4 7. a3 Bxc3+ 8. bxc3 Qa5 9. Ne2 Ne4 10.
Qd3 e5 11. Bxe5 f6 12. Bf4 Bf5 13. f3 Ng3 14. Qd2 Nxh1 15. g4 Bg6 16. Bg2 O-O 17.
Bxh1 Rfe8 18. Bg2 c5 19. dxc5 Qxc5 20. Nd4 Nc7 21. Nb3 Qe7 22. a4 Rad8 23. Nd4 Ne6 24. Nxe6 Qxe6 25. Kf2 Rc8 26. Bf1 a6 27. Bd3 Qc6 28.
Bxg6 hxg6 29. Ra3 Qc5 30. Rb3 b5 31. axb5 axb5 32. Qd3 g5 33. Bg3 b4 34. Rxb4 Qxc3 35.
Qxc3 Rxc3 36. Rb2 Rexe3 37. Kg2 Rxf3 38. Bf2 Rf4 39. Rb8+ Kf7 40. Rb7+ Kg6 41. h3 Rxc2 42. Kg1 Rfxf2 43. Rxg7+ Kxg7 44. h4 Rfd2 45. hxg5 Rc1# 0-1

[Event "Live Chess"]
[Site "Chess.com"]
[Date "2024.06.02"]
[Round "-"]
[White "KeithArkell"]
[Black "Queensandpawns"]
[Result "1-0"]
[WhiteElo "2429"]
[BlackElo "2305"]
[TimeControl "300"]
[EndTime "17:16:43 PDT"]
[Termination "KeithArkell won by resignation"]

1. d4 Nc6 2. Nf3 g6 3. d5 Nb8 4. c4 Bg7 5. Nc3 d6 6. g3 Nd7 7. Bg2 a5 8. O-O Ngf6 9. Be3 O-O 10. Qd2 Ng4 11. Bd4 Nge5 12. b3 f5 13. Rad1 Nxf3+ 14. exf3 Ne5 15. f4 Ng4 16. Bxg7 Kxg7 17. Qd4+ Nf6 18.
Rfe1 Re8 19. Re2 e6 20. dxe6 Bxe6 21. Bxb7 Rb8 22. Bd5 Bxd5 23. Rxe8 Qxe8 24. Nxd5 Qf7 25. Re1 c6 1-0

[Event "Live Chess"]
[Site "Chess.com"]
[Date "2024.06.02"]
[Round "-"]
[White "CarmelJane"]
[Black "NAZRIZ1977"]
[Result "1-0"]
[WhiteElo "2074"]
[BlackElo "2132"]
[TimeControl "300"]
[EndTime "17:16:53 PDT"]
[Termination "CarmelJane won - game abandoned"]

1. e4 c5 2. Nf3 d6 3. c3 Nf6 4. Be2 Nc6 5. d4 cxd4 6. cxd4 d5 7. e5 Ne4 8. O-O e6 9. Nc3 Nxc3 10. bxc3 Be7 11.
Bd3 O-O 12. Qc2 h6 13. Qe2 Bd7 14. Bc2 h5 15. Qd3 1-0

[Event "Live Chess"]
[Site "Chess.com"]
[Date "2024.06.02"]
[Round "-"]
[White "GwaryTek"]
[Black "Inglaterra"]
[Result "0-1"]
[WhiteElo "1915"]
[BlackElo "2054"]
[TimeControl "300"]
[EndTime "17:17:27 PDT"]
[Termination "Inglaterra won on time"]

1. d4 d5 2. c4 e6 3. Nc3 Nf6 4. Nf3 Be7 5. Bg5 O-O 6. e3 Nbd7 7. Qd2 h6 8. Bxf6 Nxf6 9. O-O-O b6 10. Rg1 Bb7 11.
Ne5 dxc4 12. Bxc4 c5 13. dxc5 Qc7 14. c6 Bxc6 15. Nxc6 Qxc6 16. Bb5 Qc7 17. Kb1 Rfd8 18. Qe2 Bb4 19. Rc1 Qe5 20. Bd3 Rac8 21. f4 Qa5 22. Ne4 Rxc1+ 23. Rxc1 Nxe4 24. Bxe4 Bc5 25. Rd1 Rxd1+ 26.
Qxd1 g6 27. Qc1 Qb4 28. Bf3 a5 29. g3 a4 30. a3 Qb5 31. Ka1 Qd3 32. Bd1 Bxe3 33.
Qc8+ Kg7 34. Qc3+ Qxc3 35. bxc3 Bg1 36. g4 Bxh2 0-1

[Event "Live Chess"]
[Site "Chess.com"]
[Date "2024.06.02"]
[Round "-"]
[White "gobbles19"]
[Black "oscalik"]
[Result "0-1"]
[WhiteElo "2260"]
[BlackElo "2280"]
[TimeControl "300"]
[EndTime "17:17:54 PDT"]
[Termination "oscalik won by checkmate"]

1. e4 e5 2. Nf3 Nc6 3. Bb5 a6 4. Ba4 Bc5 5. c3 Nf6 6. d4 exd4 7. cxd4 Bb4+ 8. Bd2 Bxd2+ 9. Nbxd2 O-O 10. O-O d6 11. h3 Re8 12. Re1 Bd7 13. Rc1 Nb4 14. Bb3 Nd3 15. Bxf7+ Kxf7 16. Qb3+ Kf8 17. Qxd3 Bb5 18. Qb3 Nh5 19. Qd5 Nf4 20. Qf5+ Qf6 21. Qxf6+ gxf6 22. Rxc7 Rac8 23. Rxh7 Nd3 24. Rb1 Rc2 25.
Rxb7 Nxb2 26. Re1 Nd3 27. Re3 Rxa2 28. Rxb5 axb5 29. Rxd3 Rb8 30. Rb3 b4 31. Nc4 Ra1+ 32. Kh2 Ke7 33. Nh4 Ke6 34. d5+ Kd7 35. Nf5 Rc1 36.
Ncxd6 Rc3 37. Rb2 b3 38. e5 fxe5 39. Ne4 Rc2 40. Rb1 b2 41. Ne3 Rc1 42. Nd2 Kd6 43.
h4 Kc5 44. g4 Kd4 45. Nf3+ Kc3 46. Rxb2 Rxb2 47. Kg3 e4 48. Ng5 Kd4 49. d6 Rb7 50.
Nf5+ Ke5 51. Ne3 Rg1+ 52. Kh2 Ra1 53. h5 Ra8 54. Kg3 Rg8 55. Nh3 Kxd6 56. g5 Ke5 57. Kg4 Rb2 58. Nc4+ Kd4 59. Nxb2 e3 60. Nd1 e2 61. Ne3 Kd3 62. Nf5 e1=Q 63. Ng3 Qa1 64. Nf4+ Kc2 65. Nfe2 Qa8 66. Nf4 Kb1 67. h6 Qc8+ 68. Kh5 Rf8 69. g6 Rxf4 70. g7 Qg4# 0-1

[Event "Live Chess"]
[Site "Chess.com"]
[Date "2024.06.02"]
[Round "-"]
[White "wadsy27"]
[Black "mychess51"]
[Result "1-0"]
[WhiteElo "2582"]
[BlackElo "1762"]
[TimeControl "300"]
[EndTime "17:18:00 PDT"]
[Termination "wadsy27 won by resignation"]

1. d4 e6 2. Bf4 d5 3. e3 c5 4. c3 Nc6 5. Nf3 Qb6 6. Qb3 c4 7. Qc2 Nf6 8. Nbd2 Be7 9. b3 cxb3 10.
axb3 Bd7 11. Bd3 h6 12. h3 Rc8 13. Qb1 a6 14. O-O Qd8 15. Rc1 Nh5 16. Bh2 g5 17. c4 Nb4 18. cxd5 Nxd3 19. Qxd3 exd5 20. Ne5 Be6 21. Nf1 O-O 22. g4 Nf6 23. Ng3 Qb6 24. Nf5 Bxf5 25. Qxf5 Rxc1+ 26. Rxc1 Qxb3 27. Rc7 Bd8 28. Rc8 Qb6 29. h4 Qe6 30. hxg5 Qxf5 31. gxf5 hxg5 32.
Rb8 b6 33. Nc6 Bc7 34. Bxc7 Rxb8 35. Bxb8 a5 36. Be5 Nd7 37. Ne7+ Kh7 38. Nxd5 b5 39.
Nf6+ Nxf6 40. Bxf6 a4 41. Be7 f6 42. Kg2 Kg8 43. d5 Kf7 44. Bb4 Ke8 45. e4 Kd7 46.
f4 gxf4 47. Kf3 a3 48. Bxa3 Kc7 49. Kxf4 Kb6 50. e5 b4 51. Bxb4 Kb5 52. exf6 Kxb4 53.
f7 Kc5 54. f8=Q+ Kxd5 55. Qd8+ 1-0

[Event "Live Chess"]
[Site "Chess.com"]
[Date "2024.06.02"]
[Round "-"]
[White "ACM42"]
[Black "Tushinskiy"]
[Result "1-0"]
[WhiteElo "2158"]
[BlackElo "2232"]
[TimeControl "300"]
[EndTime "17:18:39 PDT"]
[Termination "ACM42 won by resignation"]

1. e4 e5 2. Nf3 d6 3. d4 Bg4 4. dxe5 Nd7 5. exd6 Bxd6 6. h3 Bh5 7. Be2 Qe7 8. Nc3 Ngf6 9. Bd3 O-O-O 10. Bg5 Ne5 11.
Qe2 Bb4 12. g4 Bg6 13. a3 Bxc3+ 14. bxc3 Qc5 15. c4 Nxf3+ 16. Qxf3 Qxg5 17. Rb1 c6 18. Qg3 Nxe4 19. Qf3 Qd2+ 20. Kf1 Ng5 21. Bf5+ Kc7 22. Qg3+ Qd6 23. Qb3 b6 24. h4 Bxf5 25. hxg5 Be4 26. c5 Qxc5 27. Qxf7+ Rd7 28. Qf4+ Kb7 29. Qxe4 Rf8 30.
Rh2 Rdf7 31. Qe2 Rxf2+ 32. Rxf2 Rxf2+ 33. Qxf2 1-0

[Event "Live Chess"]
[Site "Chess.com"]
[Date "2024.06.02"]
[Round "-"]
[White "Crowded_House"]
[Black "educatedlad"]
[Result "1/2-1/2"]
[WhiteElo "1727"]
[BlackElo "1747"]
[TimeControl "300"]
[EndTime "17:18:58 PDT"]
[Termination "Game drawn by repetition"]

1. d4 Nf6 2. Bg5 Ne4 3. Bh4 g5 4. Nd2 Nxd2 5. Qxd2 gxh4 6. Nf3 Nc6 7. Nxh4 e6 8. Nf3 Bb4 9. c3 Be7 10. e3 d5 11. Bd3 h5 12. O-O-O Qd6 13. Bb5 a6 14.
Ba4 b5 15. Bb3 Na5 16. Ne5 Nxb3+ 17. axb3 Bf6 18. f4 Bxe5 19. fxe5 Qe7 20. Rdf1 c5 21. Rf6 cxd4 22. exd4 Bd7 23. Rhf1 O-O-O 24. Rxf7 Qh4 25. g3 Qg4 26. R1f4 Qg5 27. Qf2 Rhf8 28. Rxf8 Rxf8 29. Kb1 Rxf4 30. gxf4 Qf5+ 31. Kc1 Be8 32. Qg3 Bg6 33. Kd2 Qc2+ 34. Ke3 Qd3+ 35. Kf2 Qxg3+ 36. Kxg3 a5 37. Kh4 Bc2 38. b4 axb4 39. cxb4 Bd1 40. Kg5 Kd8 41. Kf6 Kd7 42. f5 exf5 43. Kxf5 Bg4+ 44.
Kg5 Ke6 45. Kf4 Be2 46. h4 Bg4 47. Kg5 Bf3 48. Kg6 Ke7 49. Kf5 Bg4+ 50. Kg6 Kd7 51.
Kf6 Ke8 52. Kg7 Ke7 53. Kg6 Bf3 54. Kg7 Ke6 55. Kg6 Be4+ 56. Kg5 Bf3 57. Kg6 1/2-1/2